 Seeded DCSS version 0.31-a0-117-g42d8f58691 (webtiles) character file.

Game seed: 8173558576497233092 (custom seed)

2230 voltaire321 the Poker (level 9, -1/69 HPs)
             Began as a Merfolk Gladiator on May 30, 2023.
             Was a Believer of Okawaru.
             Killed by divine providence
             ... invoked by an orc priest
              (14 damage)
             ... on level 8 of the Dungeon.
             The game lasted 00:18:08 (6216 turns).

voltaire321 the Poker (Merfolk Gladiator)           Turns: 6216, Time: 00:18:09

Health: -1/69      AC:  6    Str: 14    XL:     9   Next: 36%
Magic:  9/9        EV: 17    Int: 15    God:    Okawaru [**....]
Gold:   314        SH:  6    Dex: 24    Spells: 8/8 levels left

rFire   . . .        x - +1 trident (freeze)
rCold   . . .        f - +0 buckler
rNeg    . . .        y - +1 leather armour "Bicog" {Will++}
rPois   .            s - +1 helmet
rElec   .            (no cloak)
rCorr   .            (no gloves)
SInv    .            (no boots)
Will    ++...        (no amulet)
Stlth   ++           j - +6 ring of intelligence
HPRegen 0.31/turn    k - +6 ring of dexterity
MPRegen 0.11/turn

%: no passive effects
@: no status effects
A: (nimble swimmer 2), mertail
a: Renounce Religion, Heroism


You were on level 8 of the Dungeon.
You worshipped Okawaru.
Okawaru was pleased with you.
You visited 2 branches of the dungeon, and saw 9 of its levels.

You collected 314 gold pieces.

Inventory:

Hand Weapons
 x - a +1 trident of freezing (weapon)
Missiles
 d - 3 throwing nets
 e - a javelin
 i - 4 poisoned darts (quivered)
Armour
 f - a +0 buckler (worn)
 s - a +1 helmet (worn)
 y - the +1 leather armour "Bicog" (worn) {Will++}
   (You took it off a goblin on level 3 of the Dungeon)

   Will:      It greatly increases your willpower.
Jewellery
 j - a +6 ring of intelligence (left hand)
 k - a +6 ring of dexterity (right hand)
 D - an amulet of faith
Wands
 q - a wand of mindburst (15)
Scrolls
 l - 8 scrolls of identify
 m - a scroll of teleportation
 F - 2 scrolls of fog
Potions
 a - a potion of attraction {unknown}
 g - 6 potions of curing
 p - 2 potions of resistance
 z - a potion of enlightenment
 A - a potion of invisibility
 H - a potion of berserk rage


   Skills:
 + Level 5.8 Fighting
 + Level 7.7 Polearms
 + Level 5.3 Throwing
 + Level 3.5 Armour
 + Level 7.5 Dodging
 + Level 4.6 Shields


You had 8 spell levels left.
You didn't know any spells.
Your spell library contained the following spells:

 Spells                   Type           Power      Damage    Failure   Level
 Blink                    Tloc           0%         N/A       54%         2
 Scorch                   Fire           0%         2d5       54%         2
 Vhi's Electric Charge    Tloc/Air       0%         N/A       78%         3
 Flame Wave               Conj/Fire      0%         2d4       99%         4
 Manifold Assault         Tloc           0%         N/A       99%         4
 Arcjolt                  Conj/Air       0%         1d10      100%        5
 Plasma Beam              Fire/Air       0%         2x1d11    100%        6
 Storm Form               Tmut/Air       0%         N/A       100%        7
 Maxwell's Capacitive Co  Air            0%         ∞         100%        8
 Summon Cactus Giant      Summ           Unusable   N/A       N/A         6

Dungeon Overview and Level Annotations

Branches:
Dungeon (8/15)             Temple (1/1) D:5
   Lair: D:8-11

Altars:
Cheibriados
Dithmenos
Gozag
Hepliaklqana
Makhleb
Nemelex Xobeh
Okawaru
Qazlal
Ru
Sif Muna
Trog
Uskayaw
Vehumet
Wu Jian
Xom
Yredelemnul
Zin
The Shining One

Shops:
D:4 [

Annotations:
D:7 Joseph, Prince Ribbit


Innate Abilities, Weirdness & Mutations

((You are very nimble when in or above water. (Stealth+, EV+, Speed+++)))
Your lower body shifts to a powerful aquatic tail in water.


Message History

You barely miss the sky beast.
The sky beast is almost dead.
The gnoll barely misses you. The gnoll closely misses you.
The sky beast barely misses you.
You hit the sky beast. You freeze the sky beast.
You kill the sky beast!
Okawaru accepts your kill. The gnoll barely misses you.
The gnoll hits you with a +0 whip.
* * * LOW HITPOINT WARNING * * *
Your life force feels restored.
You see here a sky beast corpse.
The gnoll is no longer moving quickly.
The gnoll attacks as you move away! The gnoll hits you with a +0 whip.
* * * LOW HITPOINT WARNING * * *
The gnoll attacks as you move away! The gnoll hits you with a +0 whip.
* * * LOW HITPOINT WARNING * * *
You block the gnoll's attack. The gnoll attacks as you move away!
You block the gnoll's attack.
Okay, then.
Okay, then.
The gnoll is no longer moving quickly.
The gnoll attacks as you move away! The gnoll barely misses you.
The gnoll attacks as you move away! The gnoll hits you with a +0 whip.
* * * LOW HITPOINT WARNING * * *
The gnoll attacks as you move away! The gnoll misses you.
The gnoll attacks as you move away! The gnoll barely misses you.
The gnoll attacks as you move away! The gnoll barely misses you.
The gnoll attacks as you move away! The gnoll closely misses you.
There is a stone staircase leading down here.
The gnoll barely misses you. The gnoll closely misses you.
You climb downwards.
The orc warrior shouts!
The orc wizard shouts!
The orc priest shouts!
The orc shouts! x2
There is a stone staircase leading up here.
You puncture the orc! You freeze the orc.
You kill the orc!
Okawaru accepts your kill.
The orc priest mumbles some strange prayers to Beogh against you.
Beogh smites you!
You die...

#.#
#.#
#g#
#o#
#o#
#o#
#o#
#@#
#)#
###


You could see an orc warrior, an orc priest, an orc wizard, a gnoll and an orc.

Vanquished Creatures
  A wraith (D:5)
  2 water moccasins
  2 sky beasts (D:7)
  2 black bears
  A phantom (D:5)
  A bullfrog (D:6)
  6 scorpions
  4 wights (D:7)
  A howler monkey (D:5)
  A centaur zombie (D:4)
  5 hounds
  2 orc priests
  A gnoll bouda (D:6)
  4 jellies
  2 sleepcaps
  Terence (D:3)
  2 iguanas
  2 orc wizards
  A hound zombie (D:4)
  4 gnolls (D:6)
  4 adders
  An ufetubus (D:4)
  3 worms
  A dart slug (D:1)
  14 orcs
  7 bats
  18 endoplasms
  4 giant cockroaches
  9 goblins
  4 hobgoblins
  9 kobolds
  2 quokkas (D:4)
  3 ball pythons
  5 frilled lizards
  6 rats
135 creatures vanquished.

Vanquished Creatures (others)
  A rat (D:3)
1 creature vanquished.

Grand Total: 136 creatures vanquished

Notes
Turn   | Place    | Note
-------+----------+-------------------------------------------
     0 | D:1      | voltaire321 the Merfolk Gladiator began the quest for the
                  | Orb.
     0 | D:1      | Reached XP level 1. HP: 16/16 MP: 1/1
   106 | D:1      | Reached XP level 2. HP: 20/23 MP: 2/2
   409 | D:1      | Reached XP level 3. HP: 26/28 MP: 3/3
   619 | D:2      | Reached skill level 1 in Shields
  1074 | D:3      | Noticed Terence
  1127 | D:2      | Reached XP level 4. HP: 29/34 MP: 4/4
  1249 | D:3      | Killed Terence
  1490 | D:3      | Reached skill level 1 in Armour
  1490 | D:3      | Reached XP level 5. HP: 22/41 MP: 5/5
  1706 | D:3      | Identified the +1 leather armour "Bicog" {Will++}
  1944 | D:3      | Reached skill level 5 in Polearms
  2230 | D:4      | Reached skill level 5 in Dodging
  2230 | D:4      | Reached XP level 6. HP: 24/47 MP: 6/6
  2784 | D:4      | Noticed a black bear
  2790 | D:4      | Killed a black bear
  2791 | D:4      | Reached XP level 7. HP: 51/53 MP: 7/7
  2897 | D:4      | Found Visku's Armour Shop.
  3052 | D:4      | Found a basalt altar of Yredelemnul.
  3233 | D:5      | Entered Level 5 of the Dungeon
  3569 | D:5      | Found a staircase to the Ecumenical Temple.
  3575 | Temple   | Entered the Ecumenical Temple
  3679 | Temple   | Became a worshipper of Warmaster Okawaru
  3798 | D:5      | Reached XP level 8. HP: 51/61 MP: 8/8
  3867 | D:5      | Noticed a wraith
  4080 | D:5      | Killed a wraith
  4080 | D:5      | Reached * piety under Okawaru
  4306 | D:5      | Found a snail-covered altar of Cheibriados.
  4515 | D:6      | Reached skill level 5 in Fighting
  5003 | D:6      | Noticed a +0 falchion
  5004 | D:6      | Noticed a +0 spear
  5004 | D:6      | Noticed a +0 short sword
  5006 | D:6      | Noticed a +0 falchion
  5006 | D:6      | Noticed a +0 spear
  5006 | D:6      | Noticed a +0 short sword
  5007 | D:6      | Noticed a +0 dagger
  5007 | D:6      | Noticed a +0 dagger
  5018 | D:6      | Found a hide-covered altar of Uskayaw.
  5181 | D:6      | Found a bloodstained altar of Trog.
  5497 | D:7      | Reached XP level 9. HP: 57/68 MP: 9/9
  5606 | D:7      | Reached skill level 5 in Throwing
  5733 | D:7      | Noticed Prince Ribbit
  5862 | D:7      | Noticed Joseph
  5946 | D:7      | Reached ** piety under Okawaru
  6216 | D:8      | Killed from afar by an orc priest

Illustrated notes

Levels and vault maps discovered:
D:1:      lightli_arrival_noodles, layout_basic, minivault_27
D:2:      layout_rooms, minmay_heptomino_h4
D:3:      cheibrodos_fertilizer, layout_loops_cross, lemuel_flame_loot_1,
          uniq_terence
D:4:      layout_loops_cross, lemuel_zombie_altar_yredelemnul, serial_shops,
          shop, roderic_lattice_a
D:5:      layout_cave_pools, chei_slow_surprise,
          minmay_temple_entry_enclosed_plants
D:6:      layout_loops_ring, trog_book, nicolae_uskayaw_en_pointe,
          hellmonk_bongcloud_opening
D:7:      layout_basic, uniq_prince_ribbit1, uniq_joseph
D:8:      layout_basic, ebering_ghost_rock_garden, nicolae_shop_fire_sale
          [nicolae_sub_dead_trees]
Temple:   nicolae_temple_superstar

Skill      XL: |  1  2  3  4  5  6  7  8  9 |
---------------+----------------------------+-----
Shields        | 1 2 3 4 |  4.6
Fighting       | 3 4 5 |  5.8
Armour         | 1 2 3 |  3.5
Polearms       | 5 6 7 |  7.7
Throwing       | 3 4 5 |  5.3
Dodging        | 5 6 7 |  7.5

Action                     |  1- 3 |  4- 6 |  7- 9 || total
---------------------------+-------+-------+-------++-------
  Melee: Trident           |   107 |    97 |   309 ||   513
  Throw: Dart              |     4 |     7 |     6 ||    17
  Evoke: Wand              |       |     3 |       ||     3
    Use: Potion            |     1 |       |     8 ||     9
         Scroll            |       |       |    14 ||    14
   Stab: Sleeping          |     5 |     4 |     5 ||    14
         Distracted        |     1 |       |       ||     1
 Armour: Leather armour    |    11 |    17 |    49 ||    77
  Dodge: Dodged            |    58 |    51 |   167 ||   276
  Block: Buckler           |    18 |    27 |    68 ||   113

Table legend: (Time is in decaauts)
 A = Elapsed time spent in this place.
 B = Non-inter-level travel time spent in this place.
 C = Inter-level travel time spent in this place.
 D = Time resting spent in this place.
 E = Time spent auto-exploring this place.
 F = Levels seen in this place.
 G = Mean time per level.
                   A        B        C        D        E       F      G
               +--------+--------+--------+--------+--------+-----+--------+
         Total |   6290 |   6075 |    215 |   1357 |   2960 |   9 |  698.9 |
       Dungeon |   6172 |   5970 |    202 |   1357 |   2896 |   8 |  771.5 |
        Temple |    118 |    105 |     13 |      0 |     64 |   1 |  118.0 |
               +--------+--------+--------+--------+--------+-----+--------+

Top non-repeatable levels by time:
     D:4: 1194 daAuts
     D:3: 1128 daAuts
     D:5: 1065 daAuts
     D:6: 996 daAuts
     D:7: 738 daAuts
     D:1: 552 daAuts
     D:2: 495 daAuts
  Temple: 118 daAuts
     D:8: 0 daAuts
